 Dungeon Crawl Stone Soup version 0.31.0-9-g3a7656b989 (webtiles) character file.

Game seed: 3074909639383524516

56 MacCMillion the Chopper (level 3, -6/31 HPs)
             Began as a Hill Orc Fighter on Jan 25, 2024.
             Mangled by Sigmund
             ... wielding a +0 scythe
              (10 damage)
             ... on level 2 of the Dungeon.
             The game lasted 00:03:06 (1415 turns).

MacCMillion the Chopper (Hill Orc Fighter)          Turns: 1415, Time: 00:03:07

Health: -6/31      AC:  8    Str: 20    XL:     3   Next: 95%
Magic:  3/3        EV:  9    Int:  8    God:
Gold:   88         SH:  4    Dex: 10    Spells: 2/2 levels left

rFire   . . .        a - +0 war axe
rCold   + . .        c - +0 buckler
rNeg    + . .        b - +0 scale mail
rPois   .            (no helmet)
rElec   .            (no cloak)
rCorr   .            (no gloves)
SInv    .            h - +0 pair of boots
Will    .....        (no amulet) Stlth
                     l - ring of positive energy
HPRegen 0.25/turn    n - ring of protection from cold
MPRegen 0.08/turn

%: no passive effects
@: lethally poisoned (-6 -> -7)
A: no striking features
a: no special abilities


You were on level 2 of the Dungeon.
You visited 1 branch of the dungeon, and saw 2 of its levels.

You collected 88 gold pieces.

Inventory:

Hand Weapons
 a - a +0 war axe (weapon)
Missiles
 e - a throwing net (quivered)
 j - 7 atropa-tipped darts
Armour
 b - a +0 scale mail (worn)
 c - a +0 buckler (worn)
 h - a +0 pair of boots (worn)
Jewellery
 l - a ring of positive energy (left hand)
 m - a ring of wizardry
 n - a ring of protection from cold (right hand)
Scrolls
 f - 3 scrolls of teleportation {unknown}
 g - a scroll of identify {unknown}
 i - a scroll of summoning {unknown}
 k - a scroll of noise {unknown}
Potions
 d - a potion of might


   Skills:
 - Level 3.6 Fighting
 + Level 4.8 Axes
 - Level 3.2 Armour
 - Level 4.0 Shields


You had 2 spell levels left.
You didn't know any spells.
Your spell library was empty.

Dungeon Overview and Level Annotations

Branches:
Dungeon (2/15)

Altars:
Trog

Annotations:
D:2 Sigmund


Message History

Deactivating autopickup; reactivate with Ctrl-A.
You block something's attack.
You open the door. 2 adders come into view.
The adder hisses angrily. x2
Found a spear.
The adder bites you but does no damage.
There is an open door here.
The adder bites you.
You are poisoned.
The adder poisons you!
You feel sick. The adder attacks as it pursues you! The adder bites you.
You feel sick. The adder bites you but does no damage.
You feel sick.
You are confused.
You are too confused!
Okay, then.
You bump into the closed door.
You feel sick. The adder bites you but does no damage.
The adder barely misses you.
You barely miss the adder. x2; You feel sick.
The adder bites you. x2
The adder bites you but does no damage. Something hits you but does no damage.
The adder closely misses you.
You feel sick.
You are no longer poisoned.
The adder bites you but does no damage.
You are too confused!
The adder bites you but does no damage.
You feel less confused. The adder barely misses you.
The adder closely misses you.
You open the door. The adder bites you but does no damage.
You block the adder's attack. Something hits you! The adder bites you.
* * * LOW HITPOINT WARNING * * *
You are poisoned.
The adder poisons you!
You feel sick. The adder bites you but does no damage.
The adder attacks as it pursues you! The adder bites you but does no damage.
There is an open door here.
You feel sick. You block something's attack. The adder bites you.
* * * LOW HITPOINT WARNING * * *
You feel sick. Something hits you!
You die...

##.## #.# .. ..# #.###... #.#
#.##@# #.# #.##.#.. #.#
#>##.###.###.###.## ##'##
.##............... ##...##
........#######... ##.....##
#######.# ###. #.......##
##.##.## #.
#.........####......########.
+........S'S@...............g
#.........####......########.
##....)..## ##.#.### #.
##.....## ###.# #. ##...##
#.# #. ##+# #.# .. #.# ##.
#g# #. #g# ..


You could see 2 adders.

Vanquished Creatures
  An adder (D:2)
  A gnoll (D:1)
  3 dart slugs
  A ribbon worm (D:2)
  5 endoplasms (D:1)
  A goblin (D:2)
  4 kobolds
  6 ball pythons (D:1)
  4 bats
  2 frilled lizards
  4 rats (D:1)
32 creatures vanquished.

Notes
Turn   | Place    | Note
-------+----------+-------------------------------------------
     0 | D:1      | MacCMillion the Hill Orc Fighter began the quest for the
                  | Orb.
     0 | D:1      | Reached XP level 1. HP: 19/19 MP: 1/1
   227 | D:1      | Reached XP level 2. HP: 26/26 MP: 2/2
   774 | D:2      | Reached XP level 3. HP: 30/31 MP: 3/3
  1075 | D:2      | Found a bloodstained altar of Trog.
  1384 | D:2      | Noticed Sigmund
  1415 | D:2      | Mangled by Sigmund

Illustrated notes

Levels and vault maps discovered:
D:1:      dpeg_arrival_tiny_c, layout_loops_ring
D:2:      layout_loops_corners, ebering_ecumenical_altar_rust, basic_altar,
          uniq_sigmund

Skill      XL: |  1  2  3 |
---------------+----------+-----
Axes           | 3 4 |  4.8
Shields        | 4 |  4.0
Fighting       | |  3.6
Armour         | |  3.2

Action                     || total
---------------------------++-------
  Melee: War axe           ||   104
    Use: Potion            ||     1
 Armour: Scale mail        ||    90
  Dodge: Dodged            ||    66
  Block: Buckler           ||    27
